 Dungeon Crawl Stone Soup version 0.28.0-53-g5a82cb258f (webtiles) character file.

Game seed: 15332221089141710050

154 PrismaticFulminator the Conjurer (level 4, 0/35 HPs)
             Began as a Demigod Conjurer on June 20, 2022.
             Slain by an adder (5 damage)
             ... on level 4 of the Dungeon.
             The game lasted 00:26:28 (4330 turns).

PrismaticFulminator the Conjurer (Demigod Conjurer) Turns: 4330, Time: 00:26:34

Health: 0/35       AC:  2    Str:  8    XL:     4   Next: 88%
Magic:  2/10       EV: 12    Int: 24    God:
Gold:   118        SH:  0    Dex: 18    Spells: 2/7 levels left

rFire   . . .      SeeInvis .   (no weapon)
rCold   . . .      Faith    .   (no shield)
rNeg    . . .      Spirit   .   a - +0 robe
rPois   .          Reflect  .   (no helmet)
rElec   .          Harm     .   (no cloak)
rCorr   .          Rampage  .   (no gloves)
Will    .....                   (no boots)
Stlth   +.........              (no amulet)
HPRegen 0.11/turn               h - +6 ring of dexterity
MPRegen 0.12/turn               (no ring)

@: mighty, lethally poisoned (0 -> -5), silenced, very slightly contaminated,
slowed, very slow
A: high MP 1, forlorn, divine attributes
a: no special abilities


You were on level 4 of the Dungeon.
You visited 1 branch of the dungeon, and saw 4 of its levels.

You collected 118 gold pieces.

Inventory:

Armour
 a - a +0 robe (worn)
 d - a +0 leather armour
 i - a +0 scale mail
Jewellery
 h - a +6 ring of dexterity (left hand)
Scrolls
 l - 2 scrolls of identify
Potions
 f - 2 potions of ambrosia
 g - a potion of heal wounds {unknown}
 j - a potion of flight {unknown}


   Skills:
 - Level 1.0 Fighting
 - Level 1.7 Dodging
 - Level 2.0 Stealth
 - Level 2.3 Spellcasting
 - Level 4.0 Conjurations
 * Level 3.3 Hexes


You had 2 spell levels left.
You knew the following spells:

 Your Spells              Type           Power      Damage    Failure   Level
a - Magic Dart            Conj           84%        1d7       2%          1
b - Fulminant Prism       Conj/Hex       10%        3d9       26%         4

Your spell library contained the following spells:

 Spells                   Type           Power      Damage    Failure   Level
 Searing Ray              Conj           42%        2d6       3%          2
 Apportation              Tloc           4%         N/A       12%         1
 Dazzling Flash           Conj/Hex       40%        N/A       8%          3
 Frozen Ramparts          Ice            4%         1d2       34%         3
 Iskenderun's Mystic Bla  Conj/Tloc      12%        2d5       45%         4
 Ice Form                 Ice/Tmut       2%         N/A       75%         4
 Summon Ice Beast         Ice/Summ       2%         N/A       75%         4
 Alistair's Intoxication  Tmut/Pois      1%         N/A       97%         5


Dungeon Overview and Level Annotations

Branches:
Dungeon (4/15)
 Temple: D:4-7

Annotations:
D:4 Grinder


Innate Abilities, Weirdness & Mutations

You have an increased reservoir of magic. (+10% MP)
You shall have no god before yourself.
Your divine heritage dramatically boosts your attributes as you level up.


Message History

Press: ? - help, Dir - move target You miscast Fulminant Prism.
You are very lightly contaminated with residual magic.
You feel enfeebled.
Your magical effects are unravelling.
You feel yourself slow down.
The adder hisses angrily.
You flicker back into view.
The adder closely misses you. The adder barely misses you.
Casting: Fulminant Prism (extremely dangerous; 26% risk of failure)
Confirm with . or Enter, or press ? or * to list all spells.
The spell is extremely dangerous to miscast (26% risk of failure)!
Continue anyway?
Aiming: Fulminant Prism (extremely dangerous; 26% risk of failure)
Press: ? - help, Dir - move target You miscast Fulminant Prism.
Nothing appears to happen.
The adder bites you.
You are poisoned.
The adder poisons you! The adder bites you but does no damage.
Okay, then.
As you read the scroll labelled QOACAN LOUKO, it crumbles to dust.
You feel strangely unstable.
It was a scroll of teleportation.
You feel sick. The adder bites you.
You are more poisoned.
The adder poisons you! The adder barely misses you.
It was a potion of might.
You feel very mighty all of a sudden.
Your surroundings suddenly seem different.
Grinder, an adder and an orc come into view.
Found a ring mail and a masterwork leather armour.
* * * LOW HITPOINT WARNING * * *
You feel very sick.
The adder hisses angrily.
The orc moves out of view.
Okay, then.
As you read the scroll labelled JARAAT HOSOLA, it crumbles to dust.
A profound silence engulfs you.
It was a scroll of silence.
* * * LOW HITPOINT WARNING * * *
You feel sick. The adder bites you.
* * * LOW HITPOINT WARNING * * *
The adder bites you.
You die...

...............
...............
...............
...............
........[......
............... ...
............... ....
......5@S.......$.......
............$...........
.....................#..
.....................#..
.....................#..
##........##............
..........##......o.....
.........[##...........#
#.......oS..#


You could see Grinder (unsilenced) and an adder.

Vanquished Creatures
  2 orc priests (D:2)
  An orc wizard (D:3)
  An adder (D:3)
  A worm (D:2)
  4 dart slugs
  4 orcs
  4 ball pythons
  4 bats
  2 endoplasms
  3 giant cockroaches
  3 goblins
  4 hobgoblins
  3 quokkas
  3 frilled lizards
  4 kobolds
  7 rats
50 creatures vanquished.

Vanquished Creatures (others)
  19 fulminant prisms
19 creatures vanquished.

Grand Total: 69 creatures vanquished

Notes
Turn   | Place    | Note
-------+----------+-------------------------------------------
     0 | D:1      | PrismaticFulminator the Demigod Conjurer began the quest
                  | for the Orb.
     0 | D:1      | Reached XP level 1. HP: 14/14 MP: 5/5
   241 | D:1      | Reached skill level 4 in Conjurations
   318 | D:1      | Reached XP level 2. HP: 20/20 MP: 5/7
   713 | D:1      | Reached skill level 1 in Fighting
  1360 | D:2      | Reached skill level 1 in Hexes
  1903 | D:2      | Reached XP level 3. HP: 10/28 MP: 1/8
  2363 | D:3      | Reached XP level 4. HP: 35/35 MP: 5/10
  2407 | D:2      | Learned a level 4 spell: Fulminant Prism
  4329 | D:4      | Noticed Grinder
  4330 | D:4      | Slain by an adder

Illustrated notes

Levels and vault maps discovered:
D:1:      nagdon_arrival_double_spiral, layout_basic,
          shapermc_ecumenical_altar_starsandcircs, amcnicky_mini_pool_small,
          minmay_tromino_mix6
D:2:      layout_basic
D:3:      layout_rooms, kennysheep_slug_shrine, amcnicky_altar_gilded
D:4:      layout_basic, serial_shops, nicolae_shop_crystal, uniq_edmund,
          uniq_grinder

Skill      XL: |  1  2  3  4 |
---------------+-------------+-----
Stealth        | 2 |  2.0
Conjurations   | 4 |  4.0
Spellcasting   | 2 |  2.3
Fighting       | 1 |  1.0
Hexes          | 2 3 |  3.3
Dodging        | |  1.7

Action                   |  1- 3 |  4- 6 || total
-------------------------+-------+-------++-------
 Cast: Magic Dart        |    82 |       ||    82
       Fulminant Prism   |       |    19 ||    19
  Use: Scroll            |     3 |     2 ||     5
       Potion            |       |     3 ||     3
Armor: Robe              |     2 |     5 ||     7
Dodge: Dodged            |     6 |    15 ||    21
